 Dungeon Crawl Stone Soup version 0.27-a0-1434-g6f15984 (webtiles) character file.

Game seed: 1840058637723295098

42280 Meow the Destroyer (level 14, 26/126 HPs)
             Began as a Ghoul Ice Elementalist on July 3, 2021.
             Was an Initiate of Gozag.
             Quit the game on level 6 of the Lair of Beasts.
             The game lasted 01:11:42 (21104 turns).

Meow the Destroyer (Ghoul Ice Elementalist)        Turns: 21104, Time: 01:11:43

Health: 26/126     AC: 12    Str: 15    XL:     14   Next: 19%
Magic:  3/28       EV: 12    Int: 20    God:    Gozag
Gold:   1717       SH:  0    Dex:  9    Spells: 9/35 levels left

rFire    + . .     SeeInvis .   a - +6 trident of a volcano {elec, Str+2}
rCold    + + +     Faith    .   (no shield)
rNeg     + + +     Spirit   .   y - +1 robe {rC+}
rPois    ∞         Reflect  .   k - +0 helmet
rElec    +         Harm     .   (no cloak)
rCorr    +         Rampage  .   Q - +0 pair of gloves
Will     +....                  d - +2 pair of boots
Stlth    ++........             R - amulet of Gidur {rC+ Regen+ Stlth+}
HPRegen  1.31/turn              G - +4 ring of protection
MPRegen  0.21/turn              J - +6 ring of intelligence

@: resistant, very slow
A: claws 1, cold resistance 1, negative energy resistance 3, inhibited
regeneration, torment resistance 2
a: Renounce Religion, Potion Petition, Call Merchant, Bribe Branch


You were on level 6 of the Lair of Beasts.
You worshipped Gozag.
Gozag was most pleased with you.
You visited 3 branches of the dungeon, and saw 17 of its levels.

You collected 3181 gold pieces.
You spent 728 gold pieces at shops.
You paid 736 gold pieces to Gozag.

Inventory:

Hand Weapons
 a - the +6 trident of a volcano (weapon) {elec, Str+2}
   (You found it on level 2 of the Lair of Beasts)

   Occasionally, upon striking a foe, it can discharge electrical energy and
   cause terrible harm.
   Str:       It affects your strength (+2).
 o - a +2 dagger of protection
 D - a +0 hand crossbow
 T - a +0 shortbow
Missiles
 c - 400 stones (quivered)
 g - 5 atropa-tipped darts
 p - 431 arrows
 B - 2 curare-tipped darts
 I - 42 sling bullets
Armour
 d - a +2 pair of boots (worn)
 e - a +0 buckler
 k - a +0 helmet (worn)
 y - a +1 robe of cold resistance (worn)
 K - a +0 kite shield
 Q - a +0 pair of gloves (worn)
Jewellery
 G - a +4 ring of protection (left hand)
 J - a +6 ring of intelligence (right hand)
 L - a ring of willpower
 R - the amulet of Gidur (around neck) {rC+ Regen+ Stlth+}
   (You found it on level 10 of the Dungeon)

   [amulet of regeneration]

   rC:        It protects you from cold.
   Regen:     It increases your rate of health regeneration.
   Stlth:     It makes you more stealthy.
Wands
 r - a wand of charming (6)
 E - a wand of acid (42)
 F - a wand of iceblast (3)
 Z - a wand of flame (16)
Scrolls
 f - 4 scrolls of enchant weapon
 h - a scroll of identify
 j - 4 scrolls of fear
 l - a scroll of acquirement {unknown}
 n - 2 scrolls of amnesia {unknown}
 q - 3 scrolls of noise {unknown}
 t - 2 scrolls of teleportation {unknown}
 u - 3 scrolls of silence {unknown}
 v - 3 scrolls of enchant armour {unknown}
 H - a scroll of vulnerability {unknown}
 N - a scroll of holy word {unknown}
 O - 2 scrolls of immolation {unknown}
 P - a scroll of torment {unknown}
 W - a scroll of magic mapping {unknown}
 X - 3 scrolls of summoning {unknown}
Potions
 b - a potion of cancellation {unknown}
 i - 4 potions of curing
 m - 4 potions of flight
 w - a potion of magic
 x - 2 potions of might
 A - 2 potions of heal wounds
 C - a potion of lignification {unknown}
 M - a potion of brilliance {unknown}
 U - a potion of haste
 Y - a potion of ambrosia {unknown}
Miscellaneous
 S - a condenser vane (inert)


   Skills:
 - Level 12.0 Fighting
 - Level 1.7 Dodging
 - Level 2.1 Stealth
 + Level 11.4 Spellcasting
 + Level 13.1 Conjurations
 - Level 8.0 Ice Magic


You had 9 spell levels left.
You knew the following spells:

 Your Spells              Type           Power      Damage    Failure   Level
a - Freeze                Ice            100%       1d11      1%          1
b - Hailstorm             Conj/Ice       52%        3d12      1%          4
c - Mephitic Cloud        Conj/Pois/Air  29%        N/A       3%          3
e - Ozocubu's Armour      Ice            43%        N/A       1%          3
f - Frozen Ramparts       Ice            86%        1d10      1%          3
t - Sticky Flame          Conj/Fire      37%        2d6       4%          4
A - Stone Arrow           Conj/Erth      74%        3d11      1%          3
B - Iskenderun's Battles  Conj           59%        2d11      1%          5

Your spell library contained the following spells:

 Spells                   Type           Power      Damage    Failure   Level
 Conjure Flame            Conj/Fire      37%        6-21      1%          3
 Animate Skeleton         Necr           22%        N/A       6%          1
 Apportation              Tloc           22%        N/A       6%          1
 Corona                   Hex            12%        N/A       6%          1
 Summon Small Mammal      Summ           44%        N/A       6%          1
 Corpse Rot               Necr/Air       N/A        N/A       9%          2
 Passwall                 Tmut/Erth      9%         N/A       9%          2
 Poisonous Vapours        Pois/Air       22%        N/A       9%          2
 Slow                     Hex            11%        N/A       9%          2
 Freezing Cloud           Conj/Ice/Air   19%        6-21      10%         5
 Fireball                 Conj/Fire      18%        3d9       11%         5
 Confusing Touch          Hex            11%        N/A       19%         3
 Gell's Gravitas          Tloc           5%         N/A       19%         3
 Ignite Poison            Fire/Tmut/Pois 11%        N/A       19%         3
 Lesser Beckoning         Tloc           5%         N/A       19%         3
 Portal Projectile        Hex/Tloc       22%        N/A       19%         3
 Summon Guardian Golem    Hex/Summ       11%        N/A       19%         3
 Swiftness                Air            11%        N/A       19%         3
 Teleport Other           Tloc           11%        N/A       19%         3
 Vampiric Draining        Necr           5%         2d6       19%         3
 Orb of Destruction       Conj           29%        9d11      22%         7
 Bolt of Magma            Conj/Fire/Erth 14%        4d8       26%         5
 Metabolic Englaciation   Hex/Ice        13%        N/A       32%         5
 Dispel Undead            Necr           11%        3d9       52%         4
 Leda's Liquefaction      Hex/Erth       5%         N/A       52%         4
 Passage of Golubria      Tloc           N/A        N/A       52%         4
 Conjure Ball Lightning   Conj/Air       18%        3x3d6     52%         6
 Alistair's Intoxication  Tmut/Pois      7%         N/A       86%         5
 Borgnjor's Vile Clutch   Necr/Erth      5%         N/A       86%         5
 Excruciating Wounds      Necr           5%         N/A       86%         5
 Silence                  Hex/Air        5%         N/A       86%         5
 Simulacrum               Ice/Necr       13%        N/A       87%         6
 Death Channel            Necr           5%         N/A       100%        6
 Dispersal                Tloc           5%         N/A       100%        6
 Invisibility             Hex            5%         N/A       100%        6
 Lehudib's Crystal Spear  Conj/Erth      18%        10d6      100%        8
 Shatter                  Erth           5%         3d8*      100%        9
 Blade Hands              Tmut           Unusable   N/A       N/A         5

Dungeon Overview and Level Annotations

Branches:
Dungeon (10/15)            Temple (1/1) D:7            Lair (6/6) D:9
 Shoals (0/4) Lair:3       Spider (0/4) Lair:4        Slime (0/5) Lair:5
    Orc: D:9-12

Altars:
Ashenzari
Cheibriados
Dithmenos
Elyvilon
Fedhas
Gozag
Hepliaklqana
Kikubaaqudgha
Makhleb
Nemelex Xobeh
Okawaru
Qazlal
Ru
Sif Muna
Trog
Uskayaw
Vehumet
Wu Jian
Xom
Yredelemnul
Zin
The Shining One
Jiyva

Shops:
D:2 (   D:4 *   D:8 *   Lair:1 [

Annotations:
D:7 Menkaure


Innate Abilities, Weirdness & Mutations

You thrive by killing the living.
You are immune to poison.
You have sharp fingernails.
Your flesh is cold resistant. (rC+)
You are immune to negative energy. (rN+++)
You do not regenerate when monsters are visible.
You are immune to unholy pain and torment.


Message History

The polar bear growls angrily.
Reach: a) +6 trident of a volcano {elec, Str+2}
Press: ? - help, Dir - move target, f/p - polar bear
Aim: a polar bear (almost dead, about 27% to evade the +6 trident of a volcano)
You reach to attack!
You closely miss the polar bear.
The polar bear is almost dead.
The polar bear goes berserk!
Aiming: Iceblast
Press: ? - help, Shift-Dir - straight line, f/p - polar bear
Aim: a polar bear (almost dead, berserk)
The mass of ice explodes!
The iceblast engulfs the polar bear.
The polar bear partially resists.
The polar bear is almost dead.
You hear an angry hiss.
You hear an angry buzzing noise.
You hear a trumpeting!
The polar bear rages.
The polar bear bites you.
* * * LOW HITPOINT WARNING * * *
The polar bear claws you but does no damage.
The polar bear claws you.
* * * LOW HITPOINT WARNING * * *
Aiming: Iceblast
Press: ? - help, Shift-Dir - straight line, p - polar bear The mass of ice explodes!
The iceblast engulfs the polar bear.
The polar bear partially resists.
The polar bear is almost dead.
You hear an angry hiss.
The polar bear closely misses you. The polar bear barely misses you.
The polar bear claws you but does no damage.
Aiming: Iceblast
Press: ? - help, Shift-Dir - straight line The mass of ice explodes!
The iceblast engulfs the polar bear.
The polar bear partially resists.
You kill the polar bear!
Unknown command.
Unknown command.
You now have 1717 gold pieces (gained 20).
You feel protected.
Unknown command.
Unknown command.
Are you sure you want to abandon this character and quit the game? (Confirm with "yes".)

.........###.P# ##..........
.......(.##...# #..........
......$..##..#####..........
......$.......##............
......#$..#..##.#...........
......#.....................
..........≈≈...............
.≈≈≈.≈..P≈.≈.≈≈............
≈.#≈≈.#≈≈.#≈@##≈≈.#≈.......
≈##≈≈##≈≈##≈≈##≈≈..........
≈≈≈≈≈≈≈≈≈≈≈≈≈≈≈≈≈≈..≈≈≈≈≈
≈≈≈≈#≈≈≈≈≈≈≈≈≈≈≈≈≈..≈≈≈≈
####...########≈.#P.≈≈#≈
≈≈≈≈≈ ## ≈≈≈≈


There were no monsters in sight!

Vanquished Creatures
  5 hydras
  A merfolk avatar (Lair:6)
  3 catoblepae (Lair:5)
  A centaur warrior (D:10)
  2 two-headed ogres
  A death yak (Lair:5)
  Urug (Lair:2)
  A lindwurm (Lair:5)
  A harpy (Lair:6)
  A necromancer (Lair:3)
  4 oklob plants (Lair:2)
  A cyclops (D:8)
  2 manticores (Lair:6)
  7 elephants
  6 black mambas
  A torpor snail (Lair:3)
  10 cane toads
  3 rime drakes
  4 komodo dragons
  5 polar bears
  A merfolk (Lair:3)
  A hornet (Lair:6)
  3 trolls
  22 blink frogs
  11 dream sheep (Lair:3)
  Sigmund (D:2)
  A shadow (D:10)
  5 wyverns
  7 basilisks
  18 yaks
  A vampire (D:9)
  A steam dragon (D:8)
  11 water moccasins
  A black bear (Lair:1)
  A sky beast (D:7)
  2 orc warriors
  16 wolves
  2 ogres (D:5)
  A phantom (D:6)
  8 centaurs
  A kobold brigand (D:8)
  14 bullfrogs
  12 killer bees
  7 wights
  A howler monkey (D:9)
  4 centaur zombies
  A bullfrog skeleton (D:7)
  A gnoll shaman (D:7)
  5 hounds
  2 orc priests
  A jelly (D:4)
  4 iguanas
  9 orc wizards
  Terence (D:2)
  A polar bear simulacrum (Lair:3)
  4 yak simulacra (Lair:3)
  3 wolf simulacra (Lair:3)
  A killer bee zombie (D:9)
  A hound skeleton (D:5)
  5 adders
  4 gnolls (D:7)
  3 white imps
  An ufetubus (D:4)
  3 dart slugs
  28 orcs
  5 ball pythons
  4 bats
  2 endoplasms
  5 giant cockroaches
  4 goblins
  10 hobgoblins
  3 quokkas
  9 kobolds
  A quokka skeleton (D:4)
  7 rats
  3 river rat simulacra (Lair:3)
344 creatures vanquished.

Vanquished Creatures (others)
  20 fungi
  51 plants
71 creatures vanquished.

Grand Total: 415 creatures vanquished

Notes
Turn   | Place    | Note
-------+----------+-------------------------------------------
     0 | D:1      | Meow the Ghoul Ice Elementalist began the quest for the
                  | Orb.
     0 | D:1      | Reached XP level 1. HP: 14/14 MP: 2/2
   250 | D:1      | Reached XP level 2. HP: 20/20 MP: 0/4
   727 | D:1      | Found a faded altar of an unknown god.
  1051 | D:1      | Reached XP level 3. HP: 25/26 MP: 2/5
  1109 | D:1      | Learned a level 3 spell: Frozen Ramparts
  1119 | D:1      | Reached skill level 5 in Ice Magic
  1728 | D:2      | Reached XP level 4. HP: 33/33 MP: 5/7
  1893 | D:2      | Found a blossoming altar of Fedhas.
  1913 | D:2      | Noticed Sigmund
  2117 | D:3      | Found an ornate altar of the Wu Jian Council.
  2872 | D:4      | Found an ancient bone altar of Kikubaaqudgha.
  2880 | D:3      | Reached XP level 5. HP: 16/38 MP: 0/9
  3130 | D:4      | Found Weniffat's General Store.
  3173 | D:4      | Bought a scroll of identify for 26 gold pieces
  3426 | D:4      | Found a snail-covered altar of Cheibriados.
  3538 | D:4      | Learned a level 3 spell: Ozocubu's Armour
  3632 | D:4      | Reached XP level 6. HP: 33/45 MP: 0/10
  3912 | D:4      | Reached XP level 7. HP: 50/50 MP: 3/12
  4300 | D:5      | Entered Level 5 of the Dungeon
  4465 | D:5      | Learned a level 4 spell: Hailstorm
  4469 | D:5      | Learned a level 3 spell: Stone Arrow
  4750 | D:5      | Reached skill level 1 in Conjurations
  5432 | D:6      | Reached skill level 2 in Conjurations
  5500 | D:6      | Reached XP level 8. HP: 54/57 MP: 5/14
  5600 | D:6      | Reached skill level 5 in Spellcasting
  5899 | D:6      | Reached skill level 3 in Conjurations
  6502 | D:7      | Found a staircase to the Ecumenical Temple.
  6509 | Temple   | Entered the Ecumenical Temple
  6551 | Temple   | Became a worshipper of Gozag Ym Sagoz the Greedy
  6580 | D:7      | Reached skill level 4 in Conjurations
  6941 | D:7      | Reached skill level 5 in Conjurations
  7044 | D:7      | Reached XP level 9. HP: 50/62 MP: 11/17
  7104 | D:7      | Noticed Menkaure
  7108 | D:8      | Found Nuisk's Wicked Wares.
  7110 | D:8      | Noticed a cyclops
  7148 | D:9      | Reached skill level 6 in Conjurations
  7582 | D:8      | Reached skill level 7 in Conjurations
  7707 | D:8      | Found a shimmering blue altar of Sif Muna.
  7866 | D:7      | Found a bloodstained altar of Trog.
  8870 | D:2      | Killed Sigmund
  8871 | D:2      | Reached skill level 8 in Conjurations
  8914 | D:2      | Noticed Terence
  8921 | D:2      | Killed Terence
  8923 | D:2      | Reached skill level 1 in Fighting
  8939 | D:2      | Found Rietisuq's Antique Weapon Shop.
  9381 | D:8      | Found a shimmering altar of Xom.
  9382 | D:8      | Found a shimmering altar of Xom.
  9393 | D:8      | Found a shimmering altar of Xom.
  9393 | D:8      | Found a shimmering altar of Xom.
  9394 | D:8      | Found a shimmering altar of Xom.
  9405 | D:8      | Noticed a two-headed ogre
  9481 | D:8      | Found a sparkling altar of Nemelex Xobeh.
  9481 | D:8      | Found an iron altar of Okawaru.
  9707 | D:9      | Found a staircase to the Lair.
  9723 | Lair:1   | Entered Level 1 of the Lair of Beasts
  9734 | Lair:1   | Reached XP level 10. HP: 74/74 MP: 7/18
  9879 | Lair:1   | Noticed a cane toad
  9889 | Lair:1   | Killed a cane toad
 10321 | Lair:1   | Reached skill level 5 in Fighting
 10717 | Lair:1   | Learned a level 4 spell: Sticky Flame
 10977 | Lair:1   | Noticed a cane toad
 10993 | Lair:1   | Killed a cane toad
 11014 | Lair:1   | Noticed a cane toad
 11025 | Lair:1   | Killed a cane toad
 11183 | Lair:1   | Noticed a black mamba
 11191 | Lair:1   | Killed a black mamba
 11192 | Lair:1   | Reached skill level 9 in Conjurations
 11192 | Lair:1   | Reached XP level 11. HP: 74/92 MP: 9/20
 11628 | Lair:2   | Noticed Urug
 11999 | Lair:2   | Noticed a seven-headed hydra
 12074 | Lair:2   | Noticed a four-headed hydra
 12089 | Lair:2   | Killed a four-headed hydra
 12300 | Lair:2   | Killed a seven-headed hydra
 13399 | D:8      | Killed a cyclops
 13806 | D:8      | Learned a level 3 spell: Mephitic Cloud
 13877 | D:8      | Killed a two-headed ogre
 13989 | D:10     | Entered Level 10 of the Dungeon
 13996 | D:10     | Noticed an eight-headed hydra
 14007 | D:10     | Killed an eight-headed hydra
 14008 | D:10     | Reached skill level 10 in Fighting
 14101 | D:10     | Got the Disquisition on Ashen Malediction
 14180 | D:10     | Noticed a two-headed ogre
 14202 | D:10     | Killed a two-headed ogre
 14478 | D:10     | Reached XP level 12. HP: 82/107 MP: 10/23
 14749 | D:10     | Identified the amulet of Gidur {rC+ Regen+ Stlth+}
 14918 | D:10     | Noticed a centaur warrior
 14937 | D:10     | Killed a centaur warrior
 14938 | D:10     | Reached skill level 10 in Conjurations
 15396 | D:10     | Found a blossoming altar of Fedhas.
 15396 | D:10     | Found a broken altar of Ashenzari.
 15721 | D:4      | Bought a book of the Spheres for 702 gold pieces
 15727 | D:4      | Learned a level 5 spell: Iskenderun's Battlesphere
 16342 | Lair:2   | Killed Urug
 17263 | Lair:2   | Identified the +6 trident of a volcano {elec, Str+2}
 17571 | Lair:3   | Found a staircase to the Shoals.
 17709 | Lair:3   | Reached skill level 11 in Conjurations
 17709 | Lair:3   | Reached XP level 13. HP: 118/118 MP: 14/25
 18134 | Lair:4   | Reached skill level 10 in Spellcasting
 18426 | Lair:4   | Found a hole to the Spider Nest.
 19126 | Lair:5   | Reached skill level 12 in Conjurations
 19456 | Lair:5   | Found a staircase to the Slime Pits.
 19457 | Lair:5   | Found a viscous altar of Jiyva.
 20351 | Lair:6   | Entered Level 6 of the Lair of Beasts
 20812 | Lair:6   | Reached XP level 14. HP: 74/126 MP: 20/28
 20834 | Lair:6   | Reached skill level 13 in Conjurations
 21104 | Lair:6   | Quit the game

Illustrated notes

Levels and vault maps discovered:
D:1:      dpeg_arrival_renting, layout_loops_ring,
          shapermc_ecumenical_altar_starsandcircs
D:2:      layout_loops_corners, basic_altar, serial_shops, shop_fountains,
          uniq_terence, uniq_sigmund
D:3:      layout_loops_corners, nzn_wu_jian_contemplation
D:4:      layout_basic, amcnicky_altar_gilded, lemuel_doored_altar,
          serial_shops, nicolae_square_shop, fountainhead,
          kennysheep_another_room, grunt_ministairs_13
D:5:      layout_rooms
D:6:      layout_loops_ring, serial_park_tiny_1, lemuel_old_faithful
D:7:      layout_gridville, lemuel_coloured_pillars_altar,
          nicolae_tso_swordbearing_angel, minmay_temple_entry_mini_moons,
          dk_noncrumbling_3, uniq_menkaure
D:8:      layout_cave_pools, gammafunk_temple_overflow_wave,
          nicolae_overflow_crystal_walls, xom_redecorated, nicolae_evil_shop
D:9:      layout_cave_pools, elyvilon_altar_4, lair_entry_dummy,
          chequers_serial_rivers_micro_d
D:10:     layout_layer_cave, gammafunk_temple_overflow_statue,
          small_chamber_with_monster
Temple:   eino_wide_crystal_templ
Lair:1:   layout_small_grid, grunt_megastairs_5
Lair:2:   layout_regular_city, minivault_11, cheibrodos_lair_caveside_slide,
          serial_bayou_shore_a, minmay_lair_oklob_chamber, uniq_urug
Lair:3:   layout_roguey, elwin_shoals_entry_rooms, eino_house_with_fridge
Lair:4:   layout_gridlike, dummy_spider_entry
Lair:5:   layout_regular_city, slime_altar_1, hangedman_lair_generics_rect,
          serial_bayou_shore_b, serial_bayou_shore_b
Lair:6:   gammafunk_lair_ancient_temple, layout_gridlike, gammafunk_ghost_split

Skill      XL: |  1  2  3  4  5  6  7  8  9 10 11 12 13 14 |
---------------+-------------------------------------------+-----
Spellcasting   | 2 3 4 6 7 8 9 11 | 11.4
Ice Magic      | 5 6 7 8 |  8.0
Conjurations   | 2 5 8 9 11 12 13 | 13.1
Fighting       | 2 7 10 12 | 12.0
Dodging        | |  1.7
Stealth        | |  2.1

Action                   |  1- 3 |  4- 6 |  7- 9 | 10-12 | 13-15 || total
-------------------------+-------+-------+-------+-------+-------++-------
Melee: Unarmed           |     7 |       |       |       |       ||     7
       Dagger            |       |    10 |       |       |       ||    10
       Short sword       |       |       |    23 |    72 |       ||    95
       Trident           |       |       |       |    27 |   176 ||   203
 Fire: Shortbow          |       |       |   104 |     6 |       ||   110
Throw: Stone             |    10 |    11 |       |    23 |    16 ||    60
 Cast: Freeze            |    52 |    48 |    96 |    82 |     2 ||   280
       Frozen Ramparts   |       |     5 |    39 |    59 |    46 ||   149
       Ozocubu's Armour  |       |     1 |     5 |    30 |    26 ||    62
       Stone Arrow       |       |       |    33 |    85 |    48 ||   166
       Hailstorm         |       |       |     3 |       |       ||     3
       Sticky Flame      |       |       |       |    14 |    21 ||    35
       Mephitic Cloud    |       |       |       |     3 |       ||     3
Invok: Call Merchant     |       |       |       |     1 |       ||     1
Evoke: Condenser vane    |       |       |       |     1 |     1 ||     2
       Wand              |       |       |       |       |     3 ||     3
  Use: Scroll            |       |       |     7 |     2 |     2 ||    11
       Potion            |       |       |       |     1 |     1 ||     2
 Stab: Sleeping          |       |       |       |       |     2 ||     2
       Distracted        |       |       |       |       |     2 ||     2
Armor: Robe              |     8 |    15 |    46 |   155 |   161 ||   385
Dodge: Dodged            |    20 |    49 |    91 |   185 |   194 ||   539

Table legend: (Time is in decaauts)
 A = Elapsed time spent in this place.
 B = Non-inter-level travel time spent in this place.
 C = Inter-level travel time spent in this place.
 D = Time resting spent in this place.
 E = Time spent auto-exploring this place.
 F = Levels seen in this place.
 G = Mean time per level.
                   A        B        C        D        E       F      G
               +--------+--------+--------+--------+--------+-----+--------+
         Total |  21297 |  19988 |   1309 |   6579 |   9606 |  17 | 1252.8 |
       Dungeon |  12651 |  11717 |    934 |   3697 |   5942 |  10 | 1265.1 |
        Temple |     56 |     43 |     13 |      0 |     39 |   1 |   56.0 |
          Lair |   8589 |   8227 |    362 |   2882 |   3624 |   6 | 1431.5 |
               +--------+--------+--------+--------+--------+-----+--------+

Top non-repeatable levels by time:
  Lair:1: 2604 daAuts
  Lair:2: 2054 daAuts
  Lair:5: 1667 daAuts
    D:10: 1654 daAuts
     D:4: 1581 daAuts
     D:7: 1429 daAuts
     D:1: 1409 daAuts
     D:5: 1175 daAuts
     D:3: 1165 daAuts
     D:9: 1094 daAuts
     D:2: 1064 daAuts
     D:8: 1060 daAuts
     D:6: 1016 daAuts
  Lair:4: 941 daAuts
  Lair:3: 881 daAuts
